 Dungeon Crawl Stone Soup version 0.27.1-4-g1640c2035a (webtiles) character file.

Game seed: 11188954347642769827

182 Stomo444 the Gusty (level 5, -1/26 HPs)
             Began as a Vine Stalker Air Elementalist on Nov 12, 2021.
             Slain by a gnoll (11 damage)
             ... on level 4 of the Dungeon.
             The game lasted 00:08:34 (4151 turns).

Stomo444 the Gusty (Vine Stalker Air Elementalist)  Turns: 4151, Time: 00:08:44

Health: -1/26      AC:  2    Str: 12    XL:     5   Next: 61%
Magic:  0/10       EV: 12    Int: 15    God:
Gold:   92         SH:  0    Dex: 14    Spells: 4/10 levels left

rFire    . . .     SeeInvis .   l - +3 dagger (venom)
rCold    . . .     Faith    .   (no shield)
rNeg     . . .     Spirit   +   a - +0 robe
rPois    .         Reflect  .   (no helmet)
rElec    .         Harm     .   (no cloak)
rCorr    .         Rampage  .   (no gloves)
Will     .....                  (no boots)
Stlth    ++........             (no amulet)
HPRegen  1.08/turn              (no ring)
MPRegen  0.12/turn              (no ring)

@: no status effects
A: fangs 2, regeneration 1, magic shield, antimagic bite, no potion heal 2
a: no special abilities


You were on level 4 of the Dungeon.
You visited 1 branch of the dungeon, and saw 4 of its levels.

You collected 92 gold pieces.

Inventory:

Hand Weapons
 c - a +0 dagger
 k - a +0 short sword
 l - a +3 dagger of venom (weapon)
Armour
 a - a +0 robe (worn)
Wands
 e - a wand of iceblast (10)
Scrolls
 d - 2 scrolls of identify
 f - a scroll of amnesia {unknown}
 i - a scroll of teleportation
Potions
 b - a potion of brilliance {unknown}
 g - 2 potions of flight {unknown}
 h - a potion of curing
 j - a potion of might {unknown}
 o - 2 potions of lignification {unknown}
 p - a potion of haste {unknown}


   Skills:
 + Level 1.6 Fighting
 + Level 1.5 Short Blades
 + Level 2.3 Dodging
 - Level 2.4 Stealth
 - Level 3.1 Spellcasting
 - Level 2.2 Conjurations
 - Level 3.6 Air Magic


You had 4 spell levels left.
You knew the following spells:

 Your Spells              Type           Power      Damage    Failure   Level
a - Shock                 Conj/Air       44%        1d5       6%          1
b - Static Discharge      Conj/Air       11%        N/A       9%          2
c - Swiftness             Air            13%        N/A       13%         3

Your spell library contained the following spells:

 Spells                   Type           Power      Damage    Failure   Level
 Airstrike                Air            6%         N/A       41%         4
 Gell's Gravitas          Tloc           1%         N/A       52%         3
 Ozocubu's Armour         Ice            2%         N/A       52%         3
 Teleport Other           Tloc           2%         N/A       52%         3
 Metabolic Englaciation   Hex/Ice        1%         N/A       99%         5
 Dispersal                Tloc           1%         N/A       100%        6
 Simulacrum               Ice/Necr       1%         N/A       100%        6


Dungeon Overview and Level Annotations

Branches:
Dungeon (4/15)
 Temple: D:4-7

Altars:
Zin


Innate Abilities, Weirdness & Mutations

You have extremely sharp teeth.
Your natural rate of healing is unusually fast.
When hurt, damage is shared between your health and your magic reserves.
Your bite disrupts and absorbs the magic of your enemies.
Potions cannot restore your health.


Message History

The gnoll is moderately wounded.
The lightning grounds out.
Found 14 gold pieces.
The gnoll barely misses you. The gnoll closely misses you.
Casting: Static Discharge (safe; 9% risk of failure)
Confirm with . or Enter, or press ? or * to list all spells.
The gnoll is struck by an arc of lightning.
The gnoll is almost dead.
The lightning grounds out.
The gnoll misses you.
The gnoll hits you from afar with a +0 spear.
Unknown command.
Casting: Static Discharge (safe; 9% risk of failure)
Confirm with . or Enter, or press ? or * to list all spells.
The gnoll is struck by an arc of lightning!
You kill the gnoll!
You are struck by an arc of lightning.
The gnoll barely misses you.
Unknown command.
The gnoll hits you with a +0 spear!
Things that are here:
a +0 whip; a gnoll corpse You hit the gnoll.
You bite the gnoll. You drain its power.
You feel invigorated.
The gnoll is severely wounded.
You hit the gnoll.
The gnoll is poisoned.
The gnoll is severely wounded.
The gnoll misses you.
Unknown command.
You hit the gnoll but do no damage. Your bite misses the gnoll.
The gnoll is almost dead.
You kill the gnoll!
You hit the gnoll.
The gnoll is poisoned.
The gnoll is lightly wounded.
The gnoll hits you with a +0 flail.
Casting: Static Discharge (safe; 9% risk of failure)
Confirm with . or Enter, or press ? or * to list all spells.
The gnoll is struck by an arc of lightning!
The gnoll is almost dead.
You are struck by an arc of lightning.
The lightning grounds out.
The gnoll hits you with a +0 flail!
You die...

#...<.......#
#.####......#
#....#.#
#.#.## #.#.##
#.#..# ..##.#
...#.#
###.#@# #g#
.g# #... $..#
..... ..###
...


You could see 2 gnolls.

Vanquished Creatures
  2 adders (D:3)
  8 gnolls
  A worm (D:4)
  A dart slug (D:2)
  4 orcs (D:3)
  7 ball pythons
  4 endoplasms
  6 giant cockroaches
  6 goblins
  5 hobgoblins
  A jackal (D:3)
  8 kobolds
  9 quokkas
  2 bats (D:3)
  4 frilled lizards
  6 rats
74 creatures vanquished.

Vanquished Creatures (collateral kills)
  A goblin (D:3)
  A kobold (D:3)
2 creatures vanquished.

Grand Total: 76 creatures vanquished

Notes
Turn   | Place    | Note
-------+----------+-------------------------------------------
     0 | D:1      | Stomo444 the Vine Stalker Air Elementalist began the quest
                  | for the Orb.
     0 | D:1      | Reached XP level 1. HP: 9/9 MP: 4/4
   257 | D:1      | Reached XP level 2. HP: 13/13 MP: 1/6
  1055 | D:2      | Reached XP level 3. HP: 16/16 MP: 5/8
  1981 | D:2      | Learned a level 2 spell: Static Discharge
  2005 | D:2      | Gained mutation: Your natural rate of healing is unusually
                  | fast. [Vine Stalker growth]
  2005 | D:2      | Reached XP level 4. HP: 21/21 MP: 3/9
  2727 | D:2      | Learned a level 3 spell: Swiftness
  2855 | D:3      | Reached skill level 1 in Fighting
  3186 | D:3      | Reached XP level 5. HP: 25/25 MP: 7/10
  3194 | D:3      | Reached skill level 1 in Short Blades
  3419 | D:3      | Found a glowing silver altar of Zin.
  3419 | D:3      | Noticed an angel
  4151 | D:4      | Slain by a gnoll

Illustrated notes

Levels and vault maps discovered:
D:1:      zelgadis_glass_arrival_small, layout_basic
D:2:      layout_basic, bh_walls_and_bars
D:3:      minmay_wonky_spiral, layout_loops_corners, zin_angel,
          gup_sewer_entry_pipe
D:4:      cheibrodos_barr_body, layout_loops_ring, lightli_temple_of_fire,
          kennysheep_little_box

Skill      XL: |  1  2  3  4  5 |
---------------+----------------+-----
Conjurations   | 2 |  2.2
Spellcasting   | 3 |  3.1
Fighting       | 1 |  1.6
Short Blades   | 1 |  1.5
Dodging        | 2 |  2.3
Stealth        | |  2.4
Air Magic      | |  3.6

Action                   |  1- 3 |  4- 6 || total
-------------------------+-------+-------++-------
Melee: Unarmed           |     6 |       ||     6
       Bite              |     4 |     9 ||    13
       Dagger            |    10 |    27 ||    37
 Cast: Shock             |    69 |    49 ||   118
       Static Discharge  |       |    16 ||    16
  Use: Scroll            |       |     8 ||     8
 Stab: Sleeping          |       |     2 ||     2
Armor: Robe              |     4 |     6 ||    10
Dodge: Dodged            |    13 |    25 ||    38
